AoeStats
← Terra.

African Clearing

510354399Analyzed
4v4 RM · 2d ago on Sep 30, 2026· 35m 18s· 8 players
Game mode
Random Map
Map size
Large (8 player)
Population
200
Speed
Normal
Resources
Standard
Victory
Conquest
Starting age
Dark Age
Ending age
Imperial Age
RankedLock teamsTeams togetherTeam positionsShared explorationLock speedFull tech treeHidden civsTurbo modeCheats
Victory
Defeat
🇲🇽 Danes · Mexico
1239
+16
🇷🇴 Vietnamese · Romania
1225
+17
🇨🇴 Spanish · Colombia
1197
+18
🇿🇦 Varangians · South Africa
1182
+20
1247
-18
🇩🇪 Romans · Germany
1245
-18
🇨🇳 Spanish · China
1244
-18
🇨🇳 Khmer · China
1242
-17
[T41] Indian War Lord
3:56 Loom
12:18 Feudal Age
13:25 Feudal Age
14:16 Double-Bit Axe
16:31 Horse Collar
21:12 Forging
25:08 Castle Age
23:39 Scale Barding Armor
25:17 Gold Mining
25:44 Bloodlines
35:03 Iron Casting
Sir_HaXaLoT.exe
15:18 Feudal Age
15:48 Loom
19:17 Castle Age
19:16 Horse Collar
22:23 Scale Mail Armor
22:06 Man-at-Arms
23:10 Long Swordsman
24:22 Forging
26:11 Chain Mail Armor
31:53 Iron Casting
32:58 Double-Bit Axe
随机便投
3:11 Loom
15:05 Feudal Age
18:20 Castle Age
16:09 Double-Bit Axe
16:07 Horse Collar
16:42 Gold Mining
16:43 Stone Mining
18:16 Wheelbarrow
21:12 Heavy Plow
21:24 Bow Saw
21:52 Stone Shaft Mining
21:53 Gold Shaft Mining
SkullBump
3:30 Loom
14:31 Feudal Age
18:28 Castle Age
17:02 Stone Mining
16:59 Double-Bit Axe
20:10 Fletching
23:38 Ballistics
28:35 Bodkin Arrow
30:34 Padded Archer Armor
31:43 Masonry
31:28 Murder Holes
JANGEL4107
2:58 Loom
13:19 Feudal Age
14:44 Wheelbarrow
18:19 Castle Age
16:57 Gold Mining
17:36 Horse Collar
18:42 Scale Barding Armor
20:40 Double-Bit Axe
23:49 Ballistics
24:37 Heavy Plow
30:11 Murder Holes
31:10 Chain Barding Armor
32:27 Hand Cart
33:34 Fletching
34:26 Stone Mining
38:14 Imperial Age
Terra.
10:48 Loom
13:09 Feudal Age
13:36 Double-Bit Axe
14:44 Horse Collar
20:33 Castle Age
20:59 Bloodlines
20:58 Scale Barding Armor
21:07 Forging
27:12 Scale Barding Armor
27:32 Husbandry
28:55 Town Watch
30:44 Chain Barding Armor
31:05 Iron Casting
33:23 Wheelbarrow
33:25 Town Patrol
33:43 Bow Saw
33:47 Stone Mining
33:50 Gold Mining
Sageata
4:45 Loom
15:13 Feudal Age
16:38 Double-Bit Axe
18:51 Fletching
21:37 Horse Collar
27:49 Castle Age
28:17 Crossbowman
28:53 Bodkin Arrow
33:39 Padded Archer Armor
Antonio El Conquistador
7:39 Loom
11:01 Loom
13:30 Feudal Age
14:07 Man-at-Arms
17:05 Castle Age
15:37 Forging
14:52 Man-at-Arms
15:40 Town Watch
16:52 Scale Mail Armor
16:50 Town Watch
18:57 Double-Bit Axe
19:36 Squires
19:42 Squires
20:53 Pikeman
24:14 Gambesons
24:15 Arson
28:47 Chain Mail Armor
Connection lost

Rejoining the realm…

Still unreachable

The connection could not be restored.

Session expired

The server has moved on; the page needs a fresh start.